[ AOE2 MATCH · #506816601 ]
UnrankedLithuanians vs Mongols
Rival team · WIN
[ REPLAY ANALYSIS · EXTRACTED FROM THE RECORDED GAME ]
Feudal
9:20
Castle
—
Imperial
—
| APM avg | 56.0 |
| APM peak | 88 |
| eAPM avg | 16.6 |
| Villagers / military | 31 / 11 |
Focus
⚔️ 29.9% · 🌾 70.1%
Skirmisher ×4 · Scout Cavalry ×4 · Archer ×2 · Spearman ×1
Feudal
9:17
Castle
—
Imperial
—
| APM avg | 43.5 |
| APM peak | 66 |
| eAPM avg | 17.4 |
| Villagers / military | 55 / 10 |
Focus
⚔️ 30.7% · 🌾 69.3%
Militia ×5 · Skirmisher ×4 · Spearman ×1
Match map
Initial resources + every placement click. Lines = walls · curves = elevation contours. ◆ gold · ⬟ stone · ● berries · ✦ relic · ◌ wall gap
Your base· Open — 5t gap
Sa Ngộ Tĩnh's base· ✓ Closed at 16:34 · 12t walls · 1 gate(s)
Smoothed initial terrain · ◌ = detected wall gap · hover for details
Inputs per minute
— zuti21 - - Sa Ngộ Tĩnh
Build order — zuti21
84 actions detected in the replay
| 0:00 | Create | Villager (Male) |
| 0:00 | Create | Villager (Male) |
| 0:01 | Create | Villager (Male) |
| 0:01 | Create | Villager (Male) |
| 0:01 | Create | Villager (Male) |
| 0:02 | Build | House |
| 0:04 | Build | House |
| 0:11 | Create | Villager (Male) |
| 1:26 | Create | Villager (Male) |
| 1:52 | Create | Villager (Male) |
| 2:38 | Build | Lumber Camp |
| 3:20 | Create | Villager (Male) |
| 3:47 | Create | Villager (Male) |
| 3:51 | Create | Villager (Male) |
| 4:12 | Build | House |
| 4:24 | Create | Villager (Male) |
| 4:53 | Create | Villager (Male) |
| 4:59 | Create | Villager (Male) |
| 5:15 | Create | Villager (Male) |
| 5:33 | Build | Mill |
| 6:15 | Research | Loom |
| 6:18 | Create | Villager (Male) |
| 6:18 | Research | Loom |
| 6:41 | Research | Feudal Age |
| 7:33 | Build | Barracks |
| 7:39 | Build | House |
| 9:07 | Build | Mining Camp |
| 9:20 | Age | Feudal Age |
| 9:20 | Create | Villager (Male) |
| 9:32 | Build | Stable |
| 9:38 | Research | Double-Bit Axe |
| 9:39 | Create | Villager (Male) |
| 10:00 | Create | Spearman |
| 10:04 | Build | Palisade Wall |
| 10:17 | Build | Archery Range |
| 10:56 | Build | Archery Range |
| 10:58 | Build | Palisade Wall |
| 11:00 | Build | Palisade Wall |
| 11:02 | Build | Palisade Wall |
| 11:09 | Create | Villager (Male) |
| 11:23 | Create | Villager (Male) |
| 11:28 | Build | Stable |
| 11:31 | Create | Villager (Male) |
| 11:40 | Create | Skirmisher |
| 11:53 | Create | Archer |
| 11:54 | Create | Villager (Male) |
| 12:02 | Build | House |
| 12:06 | Build | House |
| 12:29 | Create | Scout Cavalry |
| 12:36 | Build | House |
| 13:02 | Create | Villager (Male) |
| 13:07 | Create | Skirmisher |
| 13:22 | Create | Villager (Male) |
| 13:43 | Build | Palisade Gate |
| 13:45 | Create | Skirmisher |
| 13:46 | Create | Scout Cavalry |
| 13:47 | Create | Villager (Male) |
| 13:52 | Research | Horse Collar |
| 13:56 | Build | Farm |
| 13:59 | Build | Farm |
| 14:01 | Build | Farm |
| 14:04 | Build | Farm |
| 14:06 | Build | Farm |
| 14:08 | Create | Villager (Male) |
| 14:11 | Build | Farm |
| 14:39 | Build | Farm |
| 14:42 | Build | Farm |
| 14:44 | Build | Farm |
| 15:10 | Create | Villager (Male) |
| 15:14 | Create | Archer |
| 15:29 | Build | Farm |
| 15:30 | Build | Farm |
| 15:31 | Build | Farm |
| 15:52 | Create | Villager (Male) |
| 15:55 | Create | Skirmisher |
| 16:12 | Create | Scout Cavalry |
| 16:14 | Create | Scout Cavalry |
| 16:16 | Create | Villager (Male) |
| 16:21 | Build | Blacksmith |
| 17:22 | Create | Villager (Male) |
| 17:23 | Create | Villager (Male) |
| 17:28 | Build | Farm |
| 17:30 | Build | Farm |
| 17:33 | Build | Farm |
Build order — Sa Ngộ Tĩnh
113 actions detected in the replay
| 0:01 | Create | Villager (Male) |
| 0:01 | Create | Villager (Male) |
| 0:01 | Create | Villager (Male) |
| 0:03 | Build | House |
| 0:05 | Build | House |
| 0:36 | Create | Villager (Male) |
| 0:36 | Create | Villager (Male) |
| 0:36 | Create | Villager (Male) |
| 1:42 | Create | Villager (Male) |
| 1:42 | Create | Villager (Male) |
| 1:42 | Create | Villager (Male) |
| 2:04 | Create | Villager (Male) |
| 2:05 | Create | Villager (Male) |
| 2:23 | Create | Villager (Male) |
| 2:23 | Create | Villager (Male) |
| 2:24 | Create | Villager (Male) |
| 2:24 | Create | Villager (Male) |
| 2:25 | Create | Villager (Male) |
| 2:25 | Create | Villager (Male) |
| 2:26 | Create | Villager (Male) |
| 3:03 | Build | House |
| 3:04 | Build | House |
| 3:07 | Create | Villager (Male) |
| 3:07 | Create | Villager (Male) |
| 3:07 | Create | Villager (Male) |
| 3:13 | Build | Lumber Camp |
| 3:30 | Create | Villager (Male) |
| 3:30 | Create | Villager (Male) |
| 3:31 | Create | Villager (Male) |
| 3:31 | Create | Villager (Male) |
| 3:31 | Create | Villager (Male) |
| 3:32 | Create | Villager (Male) |
| 3:33 | Create | Villager (Male) |
| 3:33 | Create | Villager (Male) |
| 3:33 | Create | Villager (Male) |
| 3:46 | Create | Villager (Male) |
| 3:46 | Create | Villager (Male) |
| 3:46 | Create | Villager (Male) |
| 3:46 | Create | Villager (Male) |
| 3:47 | Create | Villager (Male) |
| 4:07 | Create | Villager (Male) |
| 4:07 | Create | Villager (Male) |
| 4:34 | Create | Villager (Male) |
| 5:59 | Build | Barracks |
| 6:28 | Research | Loom |
| 6:29 | Research | Loom |
| 6:49 | Research | Feudal Age |
| 6:49 | Research | Feudal Age |
| 6:49 | Research | Feudal Age |
| 7:12 | Build | Mining Camp |
| 7:15 | Create | Militia |
| 7:15 | Create | Militia |
| 7:16 | Create | Militia |
| 7:16 | Create | Militia |
| 7:28 | Build | Palisade Wall |
| 7:37 | Build | Palisade Wall |
| 7:41 | Build | Palisade Wall |
| 8:17 | Create | Militia |
| 8:58 | Create | Villager (Male) |
| 9:09 | Build | House |
| 9:17 | Age | Feudal Age |
| 9:21 | Research | Man-at-Arms (upgrade) |
| 9:21 | Research | Man-at-Arms (upgrade) |
| 9:22 | Research | Man-at-Arms (upgrade) |
| 9:23 | Research | Double-Bit Axe |
| 9:23 | Research | Double-Bit Axe |
| 9:24 | Research | Double-Bit Axe |
| 9:27 | Create | Spearman |
| 9:32 | Build | Archery Range |
| 9:39 | Create | Villager (Male) |
| 9:47 | Build | House |
| 10:26 | Create | Skirmisher |
| 10:26 | Create | Skirmisher |
| 10:30 | Create | Villager (Male) |
| 10:42 | Build | Palisade Gate |
| 10:45 | Build | Palisade Wall |
| 10:55 | Create | Villager (Male) |
| 11:03 | Build | Mill |
| 11:12 | Create | Villager (Male) |
| 11:30 | Create | Villager (Male) |
| 11:43 | Create | Villager (Male) |
| 11:52 | Create | Villager (Male) |
| 12:02 | Build | House |
| 12:06 | Build | Palisade Wall |
| 12:09 | Create | Villager (Male) |
| 12:23 | Create | Villager (Male) |
| 12:41 | Create | Villager (Male) |
| 12:50 | Research | Horse Collar |
| 12:50 | Research | Horse Collar |
| 12:54 | Build | Farm |
| 12:57 | Build | Farm |
| 13:04 | Create | Skirmisher |
| 13:04 | Create | Skirmisher |
| 13:12 | Create | Villager (Male) |
| 13:21 | Build | Blacksmith |
| 13:29 | Create | Villager (Male) |
| 13:31 | Build | Farm |
| 13:33 | Build | Farm |
| 13:36 | Build | Farm |
| 13:37 | Build | Farm |
| 13:40 | Build | Farm |
| 13:42 | Build | Farm |
| 13:47 | Build | Farm |
| 13:50 | Build | Farm |
| 13:52 | Create | Villager (Male) |
| 14:00 | Create | Villager (Male) |
| 14:19 | Research | Wheelbarrow |
| 14:19 | Research | Wheelbarrow |
| 14:46 | Build | Farm |
| 15:29 | Build | Lumber Camp |
| 15:57 | Create | Villager (Male) |
| 16:14 | Create | Villager (Male) |
| 16:34 | Research | Castle Age |
Match timeline
| 5:59 | Sa Ngộ Tĩnh · first_building Barracks |
| 7:28 | Sa Ngộ Tĩnh · wall_segment Palisade Wall x1 |
| 7:33 | zuti21 · first_building Barracks |
| 7:37 | Sa Ngộ Tĩnh · wall_segment Palisade Wall x1 |
| 7:41 | Sa Ngộ Tĩnh · wall_segment Palisade Wall x1 |
| 9:17 | Sa Ngộ Tĩnh · age_up feudal |
| 9:20 | zuti21 · age_up feudal |
| 9:32 | zuti21 · first_building Stable |
| 9:32 | Sa Ngộ Tĩnh · first_building Archery Range |
| 10:04 | zuti21 · wall_segment Palisade Wall x1 |
| 10:17 | zuti21 · first_building Archery Range |
| 10:45 | Sa Ngộ Tĩnh · wall_segment Palisade Wall x3 |
| 10:58 | zuti21 · wall_segment Palisade Wall x1 |
| 11:00 | zuti21 · wall_segment Palisade Wall x1 |
| 11:02 | zuti21 · wall_segment Palisade Wall x1 |
| 12:06 | Sa Ngộ Tĩnh · wall_segment Palisade Wall x6 |
| 17:49 | zuti21 · resign |
[ AI ANALYSIS · 1 CREDIT ]
What really happened in this match?
Wolo.gg analyzes every decision: build order, eco, micro, common mistakes by bracket. Personalized analysis on WhatsApp or Discord in 30 seconds.
Civ guide
Lithuanians
Perfil
Jugador #4178420